 Dungeon Crawl Stone Soup version 0.25.0-46-gbd7b085 (webtiles) character file.

Game seed: 11800212367760520100

199 Inchmeat the Cleaver (level 5, 0/42 HPs)
             Began as a Hill Orc Gladiator on July 15, 2020.
             Was an Initiate of Zin.
             Slain by a howler monkey (6 damage)
             ... on level 6 of the Dungeon.
             The game lasted 00:02:51 (3520 turns).

Inchmeat the Cleaver (Hill Orc Gladiator)           Turns: 3520, Time: 00:02:53

Health: 0/42       AC:  4    Str: 18    XL:     5   Next: 77%
Magic:  5/5        EV: 12    Int:  8    God:    Zin [......]
Gold:   52         SH:  5    Dex: 12    Spells: 4/4 levels left

rFire    + . .     SeeInvis .   a - +1 war axe
rCold    x . .     Gourm    .   (no shield)
rNeg     . . .     Faith    .   b - +0 leather armour
rPois    .         Spirit   .   c - +0 helmet
rElec    .         Reflect  +   (no cloak)
rCorr    .         Harm     .   (no gloves)
MR       .....                  (no boots)
Stlth    +.........             p - amulet of reflection
HPRegen  0.14/turn              g - ring of fire
MPRegen  0.09/turn              (no ring)

@: no status effects
A: no striking features
a: Donate Gold, Renounce Religion


You were on level 6 of the Dungeon.
You worshipped Zin.
Zin was noncommittal.
You were not hungry.

You visited 1 branch of the dungeon, and saw 4 of its levels.

You collected 57 gold pieces.
You donated 5 gold pieces to Zin.

Inventory:

Hand Weapons
 a - a +1 war axe (weapon)
Missiles
 d - 2 throwing nets (quivered)
Armour
 b - a +0 leather armour (worn)
 c - a +0 helmet (worn)
Jewellery
 g - a ring of fire (left hand)
 p - an amulet of reflection (around neck)
Scrolls
 e - a scroll of remove curse {@r2}
 k - a scroll of identify {@r1}
Potions
 h - a potion of heal wounds {unknown}
 j - a potion of flight {unknown}
 l - a potion of magic
 n - a potion of mutation {unknown}
 o - a potion of degeneration {unknown}
 s - 2 potions of curing {unknown}
Comestibles
 f - 5 rations
 i - 2 chunks of flesh


   Skills:
 - Level 2.4 Fighting
 + Level 8.3 Axes
 - Level 1.7 Throwing
 - Level 2.4 Dodging


You had 4 spell levels left.
You didn't know any spells.
Your spell library was empty.

Dungeon Overview and Level Annotations

Branches:
Dungeon (3/15)

Altars:
Zin


Message History

Tha black bear claws ye.
Tha howler monkey hits ye.
Ye slash tha black bear!
Tha black bear be almost dead.
Ye hit tha howler monkey.
Tha black bear bites ye!
* * * LOW HITPOINT WARNIN'
* * * Tha black bear claws ye.
* * * LOW HITPOINT WARNIN'
* * * Tha black bear claws ye.
* * * LOW HITPOINT WARNIN'
* * * Tha howler monkey barely misses ye.
Throwin' (i - inventory)
d - 3 throwin' nets (quiv'red)
Press: ? - help, Shift-Dir - straight line, f - black bear
Aim: a black bear (almost dead) Ye throw a throwin' net.
Tha throwin' net hits tha black bear.
Tha black bear be caught in tha net!
Tha black bear be almost dead.
Tha black bear goes berserk!
Tha black bear struggles against tha net.
Tha howler monkey hits ye.
Ye die...

###### #....#
#....# ##....#
#.....#
#.....#######
#....@h.....#
.........h......
...######......#
.... ......# ...
......# ..
......# ......#
.....^+


You could see a black bear (berserk, caught) and a howler monkey (catching
breath).

Vanquished Creatures
  An orc priest (D:2)
  Jessica (D:2)
  Terence (D:2)
  3 gnolls
  3 adders (D:2)
  2 worms
  3 orcs
  9 goblins
  8 hobgoblins
  2 jackals (D:1)
  A ball python (D:1)
  6 bats
  3 frilled lizards
  8 kobolds
  7 rats
58 creatures vanquished.

Notes
Turn   | Place    | Note
-------+----------+-------------------------------------------
     0 | D:1      | Inchmeat the Hill Orc Gladiator began the quest for the
                  | Orb.
     0 | D:1      | Reached XP level 1. HP: 18/18 MP: 1/1
   231 | D:1      | Reached XP level 2. HP: 25/25 MP: 2/2
   334 | D:1      | Reached skill level 5 in Axes
   700 | D:1      | Reached XP level 3. HP: 15/30 MP: 3/3
  1290 | D:2      | Noticed Jessica
  1292 | D:2      | Killed Jessica
  1292 | D:2      | Reached skill level 6 in Axes
  1292 | D:2      | Reached XP level 4. HP: 36/37 MP: 4/4
  1340 | D:2      | Found a glowing silver altar of Zin.
  1648 | D:2      | Became a worshipper of Zin the Law-Giver
  1817 | D:2      | Noticed Terence
  1829 | D:2      | Killed Terence
  1829 | D:2      | Reached skill level 7 in Axes
  2289 | D:2      | Reached XP level 5. HP: 42/42 MP: 5/5
  2794 | D:2      | Reached skill level 8 in Axes
  3507 | D:3      | You fall into a shaft and drop 3 floors!
  3510 | D:6      | Noticed a black bear
  3520 | D:6      | Slain by a howler monkey

Illustrated notes

Levels and vault maps discovered:
D:1:      psy_arrival_basics, layout_loops_ring, chequers_serial_rivers_marsh
D:2:      layout_loops_corners, zin_academy, uniq_jessica, uniq_terence
D:3:      layout_loops_ring, first_ration,
          chequers_ecumenical_altar_simple_redux, kennysheep_crisscross,
          chequers_serial_rivers_large_b
D:6:      layout_basic, ashenzari_conservatory_becter,
          chequers_temple_overflow_statue_of_worship, minmay_temple_entry_arrows

Skill      XL: |  1  2  3  4  5 |
---------------+----------------+-----
Axes           | 5 6 7 8 |  8.3
Fighting       | |  2.4
Throwing       | |  1.7
Dodging        | |  2.4

Action                   |  1- 3 |  4- 6 || total
-------------------------+-------+-------++-------
Melee: War axe           |    84 |    96 ||   180
Throw: Throwing net      |       |     2 ||     2
  Use: Scroll            |       |     6 ||     6
  Eat: Chunk             |     1 |     4 ||     5
       Ration            |       |     1 ||     1
Armor: Leather armour    |    23 |    20 ||    43
Dodge: Dodged            |    58 |    78 ||   136
Block: Other             |       |     6 ||     6
       Reflection        |       |     2 ||     2
